 Dungeon Crawl Stone Soup version 0.29-a0-322-g68df515428 (webtiles) character file.

Game seed: 16628525207300427124

223772 garrulousMonolith the Messiah (level 18, -6/168 HPs)
             Began as a Hill Orc Fighter on Apr 7, 2022.
             Was the Champion of Beogh.
             Mangled by an orc warlord
             ... wielding a +1 vorpal war axe
              (10 damage)
             ... on level 1 of the Vaults.
             The game lasted 01:13:16 (56230 turns).

garrulousMonolith the Messiah (Hill Orc Fighter)   Turns: 56230, Time: 01:13:17

Health: -6/168     AC: 34    Str: 34    XL:     18   Next: 80%
Magic:  30/32      EV:  8    Int: 12    God:    Beogh [******]
Gold:   2728       SH: 20    Dex: 19    Spells: 17/17 levels left

rFire   + . .      SeeInvis .   M - +5 broad axe (vorpal)
rCold   + . .      Faith    +   t - +0 tower shield
rNeg    + . .      Spirit   .   S - +5 gold dragon scales
rPois   +          Reflect  .   Q - +0 helmet
rElec   .          Harm     .   X - +1 cloak of the Shore {Drain rPois rN+ Int+2}
rCorr   +          Rampage  .   v - +2 pair of gloves "Jelug" {Will+ rCorr Str+5 Stlth-}
Will    ++...      Rage     1%  i - +0 pair of boots
Stlth   ..........              Y - amulet of faith
HPRegen 0.38/turn               C - ring "Waex Vypp" {Str+6 Dex+7}
MPRegen 0.23/turn               w - ring of wizardry

@: no status effects
A: walk on water, berserk 1
}: 2/15 runes: decaying, gossamer
a: Renounce Religion, Smiting, Recall Orcish Followers, Give Item to Named
Follower, Resurrection


You were on level 1 of the Vaults.
You worshipped Beogh.
Beogh was exalted by your worship.
You visited 6 branches of the dungeon, and saw 32 of its levels.

You collected 3602 gold pieces.
You spent 874 gold pieces at shops.

Inventory:

Hand Weapons
 a - a +5 war axe of venom
 b - a +0 hunting sling
 c - a +0 glaive
 F - a +1 demon trident of electrocution
 G - a +0 vorpal halberd
 M - a +5 vorpal broad axe (weapon)
 N - the +2 Maxwell's thermic engine {flame, freeze}
   (You found it on level 4 of the Lair of Beasts)

   It burns those it strikes, dealing additional fire damage.
   Big, fiery blades are also staple armaments of hydra-hunters.
   It freezes those it strikes, dealing additional cold damage.
   It can also slow down cold-blooded creatures.
   It becomes more effective when it hits something.
   This effect fades over time.
 P - a +3 halberd
 V - a +0 glaive
Missiles
 h - 18 poisoned darts
 W - 3 throwing nets (quivered)
Armour
 i - a +0 pair of boots (worn)
 t - a +0 tower shield (worn)
 v - the +2 pair of gloves "Jelug" (worn) {Will+ rCorr Str+5 Stlth-}
   (You bought it in a shop on level 2 of the Orcish Mines)

   Str:       It affects your strength (+5).
   rCorr:     It protects you from acid and corrosion.
   Will:      It increases your willpower.
   Stlth:     It makes you less stealthy.
 A - a +0 kite shield
 Q - a +0 helmet (worn)
 S - +5 gold dragon scales (worn)
 X - the +1 cloak of the Shore (worn) {Drain rPois rN+ Int+2}
   (You found it on level 5 of the Lair of Beasts)

   Int:       It affects your intelligence (+2).
   rPois:     It protects you from poison.
   rN:        It protects you from negative energy.
   Drain:     It drains your maximum health when unequipped.
 Z - a scarf of resistance
Jewellery
 m - a ring of flight
 p - a ring of see invisible
 w - a ring of wizardry (right hand)
 y - a +6 ring of intelligence
 C - the ring "Waex Vypp" (left hand) {Str+6 Dex+7}
   (You acquired it on level 2 of the Swamp)

   [ring of strength]

   Str:       It affects your strength (+6).
   Dex:       It affects your dexterity (+7).
 J - a ring of positive energy
 Y - an amulet of faith (around neck)
Wands
 k - a wand of acid (17)
 q - a wand of charming (15)
 z - a wand of polymorph (13)
 I - a wand of mindburst (10)
 K - a wand of digging (10)
 O - a wand of paralysis (10)
 T - a wand of flame (45)
 U - a wand of iceblast (29)
Scrolls
 f - 2 scrolls of teleportation
 g - 3 scrolls of fear
 j - 6 scrolls of magic mapping
 l - 3 scrolls of amnesia
 n - 5 scrolls of vulnerability
 x - 2 scrolls of identify
 D - 6 scrolls of fog
 E - a scroll of silence
Potions
 d - 4 potions of might
 e - 6 potions of mutation
 o - a potion of berserk rage
 r - 6 potions of ambrosia
 s - 3 potions of magic
 u - 4 potions of brilliance
 B - 9 potions of cancellation
 H - a potion of invisibility
 R - 5 potions of haste


   Skills:
 + Level 16.4 Fighting
 * Level 14.6 Long Blades
 - Level 18.0 Axes
 + Level 14.1 Armour
 - Level 5.0 Dodging
 + Level 15.1 Shields
 * Level 20.1 Invocations


You had 17 spell levels left.
You didn't know any spells.
Your spell library contained the following spells:

 Spells                   Type           Power      Damage    Failure   Level
 Animate Skeleton         Necr           0%         N/A       99%         1
 Apportation              Tloc           0%         N/A       99%         1
 Foxfire                  Conj/Fire      0%         2x1d4     99%         1
 Shock                    Conj/Air       0%         1d3       99%         1
 Summon Small Mammal      Summ           0%         N/A       99%         1
 Blink                    Tloc           0%         N/A       100%        2
 Call Imp                 Summ           0%         N/A       100%        2
 Ensorcelled Hibernation  Hex/Ice        0%         N/A       100%        2
 Sublimation of Blood     Necr           0%         N/A       100%        2
 Conjure Flame            Conj/Fire      0%         6-21      100%        3
 Inner Flame              Hex/Fire       0%         N/A       100%        3
 Lesser Beckoning         Tloc           0%         N/A       100%        3
 Portal Projectile        Hex/Tloc       0%         N/A       100%        3
 Spider Form              Tmut/Pois      0%         N/A       100%        3
 Swiftness                Air            0%         N/A       100%        3
 Airstrike                Air            0%         N/A       100%        4
 Anguish                  Hex/Necr       0%         N/A       100%        4
 Animate Armour           Summ/Erth      0%         N/A       100%        4
 Flame Wave               Conj/Fire      0%         2d4       100%        4
 Iskenderun's Mystic Bla  Conj/Tloc      0%         2d3       100%        4
 Petrify                  Tmut/Erth      0%         N/A       100%        4
 Summon Ice Beast         Ice/Summ       0%         N/A       100%        4
 Summon Lightning Spire   Summ/Air       0%         N/A       100%        4
 Blade Hands              Tmut           0%         N/A       100%        5
 Excruciating Wounds      Necr           0%         N/A       100%        5
 Fireball                 Conj/Fire      0%         3d3       100%        5
 Irradiate                Conj/Tmut      0%         3d13      100%        5
 Iskenderun's Battlesphe  Conj           0%         2d6       100%        5
 Lightning Bolt           Conj/Air       0%         1d11      100%        5
 Manifold Assault         Tloc           0%         N/A       100%        5
 Summon Forest            Summ/Tloc      0%         N/A       100%        5
 Summon Mana Viper        Hex/Summ       0%         N/A       100%        5
 Dispersal                Tloc           0%         N/A       100%        6
 Iron Shot                Conj/Erth      0%         9d1       100%        6
 Summon Cactus Giant      Summ           0%         N/A       100%        6
 Monstrous Menagerie      Summ           0%         N/A       100%        7
 Spellforged Servitor     Conj/Summ      0%         N/A       100%        7
 Disjunction              Tloc           0%         N/A       100%        8
 Chain Lightning          Conj/Air       0%         N/A       100%        9


Dungeon Overview and Level Annotations

Branches:
Dungeon (15/15)            Temple (0/1) D:6            Lair (6/6) D:11
  Swamp (4/4) Lair:3       Spider (4/4) Lair:3        Slime (0/5) Lair:5
    Orc (2/2) D:9             Elf (0/3) Orc:2        Vaults (1/5) D:13
 Depths (0/4) D:15

Altars:
Ashenzari
Elyvilon
Fedhas
Gozag
Kikubaaqudgha
Nemelex Xobeh
Okawaru
Qazlal
Ru
Trog
Uskayaw
Wu Jian
The Shining One
Beogh
Jiyva

Shops:
D:1 !   D:5 **   D:6 =*!   D:7 [*   Orc:2 [(*[[

Portals:
Abyss: Swamp:1
Trove: D:13 (lose all piety)

Annotations:
Lair:3 2 transporters, Paumuiqi's ghost, journeyman DjCj
Lair:6 2 transporters, exclusion: 2 oklob plants, Antichthon's ghost, journeyman SpBr
Swamp:1 2 transporters, Zomibl Ceupp's ghost, adept OpMo


Innate Abilities, Weirdness & Mutations

You can walk on water.
You tend to lose your temper in combat.


Message History

The orc knights go into a battle-frenzy!
The lindwurm bites you but does no damage.
The lindwurm claws you but does no damage.
You block the lindwurm's attack.
A lindwurm comes into view.
The orc knight hits you from afar with a +0 halberd!
You block the orc knight's attack.
You barely miss the orc warlord. You slash the orc knight!
You kill the orc knight!
Beogh accepts your kill.
You hit the lindwurm but do no damage.
You hit the orc knight but do no damage.
You block the orc knight's attack. The lindwurm barely misses you.
You block the lindwurm's attack. The lindwurm closely misses you.
You block the orc knight's attack.
The orc warlord hits you with a +1 vorpal war axe!!
You slice the orc warlord!!
The orc warlord is moderately wounded.
You hit the orc knight but do no damage.
You hit the lindwurm but do no damage. You block the orc knight's attack.
You block the lindwurm's attack. The lindwurm claws you.
The lindwurm barely misses you.
The orc knight hits you from afar with a +0 halberd!!!
* * * LOW HITPOINT WARNING * * *
The orc warlord closely misses you.
You hear a shout!
Okay, then.
You feel much better. You block the orc knight's attack.
You block the lindwurm's attack. x2; The lindwurm closely misses you.
The orc knight hits you but does no damage.
The orc warlord hits you but does no damage.
The lindwurm attacks as you move away! You block the lindwurm's attack.
The lindwurm claws you but does no damage.
You block the lindwurm's attack.
The orc knight attacks as you move away!
You block the orc knight's attack.
The orc warlord attacks as you move away!
The orc warlord hits you with a +1 vorpal war axe!!
* * * LOW HITPOINT WARNING * * *
You die...

.. # . #
###'##### ## #
#..k.... ... #
#..#..[ .... #
#....)#..... #
#.#kko...... #
######...@#......
#
#........†oo.....
#........########
#........#
#........#
#........#
#........#
########'#####
...#...#...#


You could see an orc warlord (strong), 2 orc knights and 3 lindwurms.

Vanquished Creatures
  A bone dragon (Swamp:4)
  Rupert (Lair:6)
  Mlioglotl (Swamp:3)
  Kirke (Spider:4)
  A draconian knight (Vaults:1)
  3 emperor scorpions (Spider:1)
  7 ghost moths
  3 vault wardens (Vaults:1)
  Louise (Spider:1)
  A ghoul (Swamp:2)
  A broodmother (Spider:4)
  3 ironbound preservers (Vaults:1)
  An ironbound thunderhulk (Vaults:1)
  An entropy weaver (Spider:3)
  4 bunyips
  7 eleionomae
  A spark wasp (Spider:4)
  A fire dragon (Lair:6)
  Josephine (D:13)
  A yaktaur captain (Vaults:1)
  A shambling mangrove (Swamp:4)
  3 vault guards (Vaults:1)
  2 great orbs of eyes (Vaults:1)
  4 boulder beetles
  A catoblepas (Lair:6)
  2 radroaches
  14 hydras
  5 ironbound frosthearts (Vaults:1)
  A peacekeeper (Vaults:1)
  9 alligators
  3 ghost crabs (Swamp:4)
  4 two-headed ogres
  3 centaur warriors (Vaults:1)
  A dancing weapon (D:13)
  2 death yaks (Lair:6)
  2 tengu warriors
  An orc high priest (Orc:2)
  A deep elf knight (Spider:4)
  5 goliath frogs
  3 skeletal warriors (D:13)
  2 pharaoh ants
  2 death drakes
  3 steelbarb worms
  3 deep trolls (Vaults:1)
  2 orc knights (Vaults:1)
  6 spriggan druids
  4 swamp dragons
  4 lindwurms (Vaults:1)
  9 bog bodies
  3 orb spiders
  5 ironbound convokers (Vaults:1)
  A deep elf pyromancer (D:14)
  A wizard (Vaults:1)
  6 spectral hydras (Swamp:4)
  8 wolf spiders
  5 will-o-the-wisps
  A manticore (D:14)
  6 ugly things
  3 cyclopes
  2 moths of wrath
  6 slime creatures
  A vault sentinel (Vaults:1)
  2 black mambas (Lair:2)
  2 torpor snails (Spider:3)
  4 cane toads
  An eye of devastation (shapeshifter) (D:15)
  4 demonic crawlers
  3 yaktaurs (Vaults:1)
  A swamp worm zombie (Swamp:4)
  9 rime drakes
  2 komodo dragons
  An efreet (D:13)
  4 hydra zombies (Swamp:4)
  2 trolls
  2 bloated husks
  7 polar bears
  5 meliai
  16 hornets
  18 tarantellas
  9 tyrant leeches
  7 blink frogs
  5 alligator zombies (Swamp:4)
  A spectral swamp dragon (Swamp:4)
  3 culicivoras
  Sigmund (D:5)
  20 spriggans
  13 jumping spiders
  A shadow (D:10)
  2 wyverns
  2 wraiths
  28 yaks
  3 hogs (Spider:4)
  7 steam dragons
  4 humans (D:6)
  27 redbacks
  15 swamp worms
  8 wargs
  2 acid dragons
  11 water moccasins
  5 hell hounds (Lair:6)
  Duvessa (D:7)
  5 orc warriors
  4 sky beasts
  11 black bears
  3 swamp drakes
  An ice beast (D:6)
  3 swamp dragon zombies (Swamp:4)
  2 ogres
  4 centaurs
  A boggart (Vaults:1)
  5 wolves
  A phantom (Swamp:4)
  A kobold brigand (D:6)
  13 bullfrogs
  3 necrophages
  3 gnoll sergeants
  2 scorpions
  11 wights
  Dowan (D:7)
  20 killer bees
  4 howler monkeys
  7 electric eels
  5 orc priests
  2 hounds
  2 jellies (D:5)
  8 iguanas
  5 orc wizards
  5 gnolls
  11 adders
  A swamp drake zombie (Swamp:4)
  A shadow imp (D:5)
  A white imp (D:6)
  An ufetubus (D:5)
  5 worms
  2 dart slugs
  26 orcs
  3 ball pythons
  3 bats
  4 endoplasms
  A goblin (D:1)
  4 hobgoblins
  3 jackals (D:1)
  8 kobolds
  A quokka (D:4)
  2 frilled lizards (D:3)
  5 rats
663 creatures vanquished.

Vanquished Creatures (collateral kills)
  Bai Suzhen (Spider:3)
  Saint Roka (Vaults:1)
  8 emperor scorpions
  An orc warlord (Orc:1)
  3 orc knights
  A bunyip (Lair:3)
  2 dire elephants (Spider:4)
  An entropy weaver (Spider:2)
  2 spark wasps (Spider:4)
  Snorg (Lair:3)
  A fire dragon (Lair:6)
  A great orb of eyes (D:15)
  Harold (Lair:1)
  2 boulder beetles
  10 hydras
  Fannar (Lair:1)
  4 radroaches
  A peacekeeper (Vaults:1)
  A jorogumo (Spider:3)
  2 rakshasas (D:15)
  A catoblepas (Lair:3)
  2 centaur warriors (Vaults:1)
  A dancing weapon (D:13)
  A two-headed ogre (D:14)
  2 tengu warriors
  3 death yaks (Lair:6)
  Urug (Orc:2)
  2 orc high priests (Orc:2)
  A skeletal warrior (D:13)
  A sun moth (Spider:2)
  A pharaoh ant (Spider:4)
  A deep troll (Vaults:1)
  2 steelbarb worms
  5 orb spiders
  A deep elf archer (Spider:4)
  9 ugly things
  2 orc sorcerers (Orc:1)
  9 wolf spiders
  2 cyclopes
  A manticore (D:11)
  A moth of wrath (Spider:4)
  4 torpor snails
  3 black mambas (Lair:4)
  10 cane toads
  A cane toad (shapeshifter) (D:15)
  2 gargoyles
  2 demonic crawlers (Spider:4)
  A rime drake (Lair:6)
  A komodo dragon (Lair:2)
  A tengu conjurer (D:14)
  4 trolls
  4 polar bears
  5 meliai
  8 tarantellas
  3 hornets
  4 raiju
  4 dream sheep (Lair:6)
  11 slime creatures
  4 blink frogs
  10 jumping spiders
  A water elemental (D:14)
  A shadow (D:13)
  4 wraiths (D:13)
  7 culicivoras
  27 yaks
  4 wyverns
  4 basilisks
  A hog (Spider:4)
  2 steam dragons (Lair:6)
  7 redbacks
  2 vampire mosquitoes (D:14)
  9 wargs
  A swamp worm (Lair:3)
  11 water moccasins
  9 hell hounds (Lair:6)
  An acid dragon (Lair:6)
  2 swamp drakes (Lair:6)
  4 orc warriors
  4 black bears
  5 ogres
  10 wolves
  A centaur (D:10)
  2 bullfrogs
  2 wights (D:7)
  3 killer bees
  A howler monkey (D:9)
  2 electric eels
  9 orc priests
  5 iguanas
  6 orc wizards
  2 gnolls (D:5)
  2 white imps (D:7)
  12 orcs
  A bush (Lair:6)
340 creatures vanquished.

Vanquished Creatures (others)
  An orc high priest (Spider:4)
  5 orc knights
  A rime drake (Lair:6)
  2 bloated husks
  A culicivora (Spider:1)
  7 orc warriors
  2 orc wizards
  9 orc priests
  31 orcs
  20 foxfires
  28 fungi
  73 plants
180 creatures vanquished.

Grand Total: 1183 creatures vanquished

Notes
Turn   | Place    | Note
-------+----------+-------------------------------------------
     0 | D:1      | garrulousMonolith the Hill Orc Fighter began the quest for
                  | the Orb.
     0 | D:1      | Reached XP level 1. HP: 19/19 MP: 1/1
    76 | D:1      | Found Ahotarif's Distillery.
   255 | D:1      | Reached XP level 2. HP: 27/27 MP: 2/2
   283 | D:1      | Found a faded altar of an unknown god.
   287 | D:1      | Got Plato's Grimoire of the Blaze
   782 | D:2      | Reached skill level 1 in Invocations
   958 | D:1      | Bought a potion of heal wounds for 65 gold pieces
  1197 | D:2      | Reached XP level 3. HP: 33/33 MP: 3/3
  1320 | D:2      | Reached XP level 4. HP: 26/40 MP: 5/5
  1978 | D:3      | Reached skill level 1 in Dodging
  1978 | D:3      | Reached skill level 2 in Invocations
  1986 | D:3      | Found a sacrificial altar of Ru.
  2375 | D:3      | Found a glowing golden altar of the Shining One.
  2482 | D:3      | Reached XP level 5. HP: 45/46 MP: 6/6
  2495 | D:3      | Identified the +2 ring mail of Integrity {Drain Regen+
                  | SInv}
  2768 | D:3      | Reached skill level 15 in Axes
  2768 | D:3      | Reached XP level 6. HP: 52/52 MP: 7/7
  2769 | D:3      | Reached XP level 7. HP: 67/67 MP: 8/8
  2806 | D:4      | Became a worshipper of Beogh the Brigand
  2808 | D:4      | Found a sparkling altar of Nemelex Xobeh.
  3756 | D:5      | Entered Level 5 of the Dungeon
  3759 | D:5      | Noticed Sigmund
  4004 | D:1      | Bought a potion of curing for 39 gold pieces
  4004 | D:1      | Bought a potion of might for 52 gold pieces
  4136 | D:5      | Killed Sigmund
  4157 | D:5      | Found an ancient bone altar of Kikubaaqudgha.
  4192 | D:5      | Found a white marble altar of Elyvilon.
  4247 | D:5      | Noticed a hornet
  4253 | D:5      | Paralysed by a hornet for 3 turns
  4257 | D:5      | Killed a hornet
  4258 | D:5      | Reached XP level 8. HP: 28/74 MP: 9/9
  5064 | D:5      | Found an iron altar of Okawaru.
  5064 | D:5      | Found a broken altar of Ashenzari.
  5064 | D:5      | Found a bloodstained altar of Trog.
  5150 | D:5      | Found Piegh's Specific Store.
  5154 | D:5      | Found Awniu's General Store.
  5344 | D:6      | Reached skill level 3 in Invocations
  5554 | D:6      | Reached XP level 9. HP: 62/81 MP: 11/11
  5859 | D:6      | Found Vuytih's Distillery.
  5862 | D:6      | Bought a potion of heal wounds for 55 gold pieces
  5862 | D:6      | Bought a potion of curing for 33 gold pieces
  5964 | D:6      | Reached * piety under Beogh
  6240 | D:6      | Found a hide-covered altar of Uskayaw.
  6406 | D:6      | Found a staircase to the Ecumenical Temple.
  6420 | D:6      | Found Suleh's Assorted Antiques.
  6436 | D:6      | Found Jengarudud's Jewellery Shop.
  6481 | D:6      | Bought a potion of curing for 87 gold pieces
  6758 | D:6      | Got the Compendium of Creative Displacement
  7081 | D:7      | Noticed Duvessa
  7081 | D:7      | Noticed Dowan
  7139 | D:7      | Found Ephasy's Antique Armour Emporium.
  7209 | D:7      | Found Ruujeec's CLEARANCE SALE!.
  7239 | D:7      | Reached skill level 5 in Dodging
  7253 | D:7      | Reached ** piety under Beogh
  7257 | D:7      | Reached skill level 4 in Invocations
  7348 | D:7      | Reached XP level 10. HP: 12/87 MP: 13/13
  7755 | D:7      | Killed Duvessa
  7757 | D:7      | Killed Dowan
  8065 | D:7      | Reached skill level 5 in Armour
  8419 | D:7      | Found an opulent altar of Gozag.
  8419 | D:7      | Found a faded altar of an unknown god.
  8427 | D:7      | Found a stormy altar of Qazlal.
  8429 | D:7      | Found an ornate altar of the Wu Jian Council.
  8431 | D:7      | Found a blossoming altar of Fedhas.
  8497 | D:8      | Paralysed by a hornet for 1 turns
  9461 | D:8      | Reached skill level 5 in Invocations
  9781 | D:8      | Reached *** piety under Beogh
 10333 | D:9      | Noticed a two-headed ogre
 10345 | D:9      | Killed a two-headed ogre
 10346 | D:9      | Reached XP level 11. HP: 49/97 MP: 7/15
 10885 | D:9      | Noticed a six-headed hydra
 10891 | D:9      | Killed a six-headed hydra
 11107 | D:9      | Reached skill level 6 in Invocations
 11595 | D:9      | Found a staircase to the Orcish Mines.
 11599 | D:9      | Found a roughly hewn altar of Beogh.
 11856 | D:10     | Entered Level 10 of the Dungeon
 12096 | D:10     | Noticed a two-headed ogre
 12103 | D:10     | Killed a two-headed ogre
 12963 | D:11     | Noticed a boulder beetle
 12978 | D:11     | Killed a boulder beetle
 12978 | D:11     | Noticed a cyclops
 12984 | D:11     | Killed a cyclops
 13248 | D:11     | Noticed a manticore
 13252 | D:11     | Reached skill level 7 in Invocations
 13254 | D:11     | Found a staircase to the Lair.
 13256 | D:11     | Killed a manticore
 13674 | D:11     | Noticed a seven-headed hydra
 13683 | D:11     | Killed a seven-headed hydra
 13684 | D:11     | Reached skill level 10 in Fighting
 13684 | D:11     | Reached XP level 12. HP: 15/106 MP: 17/17
 14587 | Lair:1   | Entered Level 1 of the Lair of Beasts
 14773 | Lair:1   | Noticed Harold
 14779 | Lair:1   | Noticed Fannar
 14791 | Lair:1   | Killed Harold
 14791 | Lair:1   | Reached **** piety under Beogh
 14791 | Lair:1   | Gained Arkwar as an ally
 14792 | Lair:1   | Reached skill level 8 in Invocations
 14793 | Lair:1   | Killed Fannar
 15117 | Lair:1   | Reached skill level 10 in Shields
 15834 | Lair:2   | Reached skill level 9 in Invocations
 16523 | Lair:2   | Reached ***** piety under Beogh
 16860 | Lair:2   | Reached XP level 13. HP: 113/116 MP: 20/20
 17270 | Lair:3   | Found a transporter.
 17270 | Lair:3   | Noticed Paumuiqi's ghost (journeyman DjCj)
 17472 | Lair:3   | Found a transporter.
 17671 | Lair:3   | Reached skill level 10 in Invocations
 17785 | Lair:3   | Found a hole to the Spider Nest.
 17963 | Lair:3   | Noticed Snorg
 17972 | Lair:3   | Killed Snorg
 18690 | Lair:3   | Found a staircase to the Swamp.
 18912 | Lair:4   | Found the +2 Maxwell's thermic engine {flame, freeze}
 19518 | Lair:4   | Reached skill level 11 in Invocations
 20097 | Lair:5   | Identified the +1 cloak of the Shore {Drain rPois rN+
                  | Int+2}
 20374 | Lair:5   | Gained Orgrim as an ally
 20491 | Lair:5   | Found a viscous altar of Jiyva.
 20491 | Lair:5   | Found a staircase to the Slime Pits.
 20677 | Lair:6   | Entered Level 6 of the Lair of Beasts
 20682 | Lair:6   | Reached skill level 1 in Long Blades
 20732 | Lair:6   | Reached skill level 10 in Armour
 20900 | Lair:6   | Noticed Rupert
 20909 | Lair:6   | Killed Rupert
 20998 | Lair:6   | Your ally Arkwar died
 21002 | Lair:6   | Your ally Orgrim died
 21324 | Lair:6   | Found a transporter.
 21324 | Lair:6   | Found a transporter.
 21354 | Lair:6   | Reached skill level 12 in Invocations
 21363 | Lair:6   | Reached XP level 14. HP: 85/127 MP: 23/23
 21824 | Lair:6   | Identified the +2 chain mail of Disaster {rElec MP+9 Dex+2}
 22026 | Lair:6   | Gained Ognian as an ally
 22660 | Lair:6   | Reached skill level 5 in Long Blades
 22673 | Lair:6   | Got Plog's Disquisition on Conjuration and Lightness
 23036 | Lair:6   | Reached skill level 13 in Invocations
 23041 | Lair:6   | Identified the +6 shortbow of Xupnusm {flame, rPois Str+2}
 23075 | Lair:6   | Reached ****** piety under Beogh
 23391 | Lair:6   | Noticed Antichthon's ghost (journeyman SpBr)
 24866 | D:13     | Found a portal to a secret trove of treasure.
 24869 | D:13     | Noticed Josephine
 24879 | D:13     | Killed Josephine
 25619 | D:13     | Found a gate to the Vaults.
 26566 | D:14     | Got the Almanac of the Excruciating Blaze
 26592 | D:14     | Gained Orik as an ally
 27146 | D:14     | Reached skill level 14 in Invocations
 27338 | D:14     | Reached XP level 15. HP: 133/136 MP: 25/25
 27751 | D:15     | Entered Level 15 of the Dungeon
 28664 | D:15     | Paralysed by a great orb of eyes for 6 turns
 28678 | D:15     | Found a staircase to the Depths.
 29507 | Orc:1    | Entered Level 1 of the Orcish Mines
 29509 | Orc:1    | Noticed an orc warlord
 29845 | Orc:1    | Noticed an orc warlord
 29854 | Orc:1    | Killed an orc warlord
 30601 | Orc:2    | Entered Level 2 of the Orcish Mines
 30971 | Orc:2    | Found Furymisch's Overcharged Wands.
 31058 | Orc:2    | Found a roughly hewn altar of Beogh.
 31563 | Orc:2    | Found Hiat's Armour Shoppe.
 31574 | Orc:2    | Found Yqooguc's Armour Boutique.
 31788 | Orc:2    | Found a staircase to the Elven Halls.
 31979 | Orc:2    | Noticed Urug
 31989 | Orc:2    | Killed Urug
 32188 | Orc:2    | Bought the +2 pair of gloves "Jelug" {Will+ rCorr Str+5
                  | Stlth-} for 543 gold pieces
 32427 | Orc:2    | Found Vakuemo's Armour Shoppe.
 32465 | Orc:2    | Found Hytiklos's Weapon Boutique.
 32967 | Swamp:1  | Entered Level 1 of the Swamp
 33832 | Swamp:1  | Reached skill level 15 in Invocations
 34388 | Swamp:1  | Found a transporter.
 34390 | Swamp:1  | Found a one-way gate to the infinite horrors of the Abyss.
 34390 | Swamp:1  | Noticed Zomibl Ceupp's ghost (adept OpMo)
 34390 | Swamp:1  | Noticed a hellephant
 35035 | Swamp:1  | Identified the ring "Teeps" {rF+ rCorr}
 35140 | Swamp:1  | Found a transporter.
 36260 | Swamp:2  | Noticed a ghoul
 36283 | Swamp:2  | Killed a ghoul
 36612 | Swamp:2  | Identified a scroll of acquirement
 36613 | Swamp:2  | Acquired the ring "Waex Vypp" {Str+6 Dex+7}
 36624 | Swamp:2  | Reached XP level 16. HP: 146/146 MP: 27/27
 36908 | Swamp:2  | Reached skill level 10 in Long Blades
 36908 | Swamp:2  | Reached skill level 16 in Invocations
 38395 | Swamp:3  | Noticed Mlioglotl
 38408 | Swamp:3  | Killed Mlioglotl
 40256 | Swamp:4  | Entered Level 4 of the Swamp
 41349 | Swamp:4  | Reached skill level 17 in Invocations
 43391 | Swamp:4  | Reached skill level 15 in Fighting
 43470 | Swamp:4  | Noticed a bone dragon
 43484 | Swamp:4  | Killed a bone dragon
 43769 | Swamp:4  | Got a decaying rune of Zot
 44491 | Spider:1 | Entered Level 1 of the Spider Nest
 44496 | Spider:1 | Reached XP level 17. HP: 147/154 MP: 29/29
 44576 | Spider:1 | Gained Borgk as an ally
 45218 | Spider:1 | Noticed Louise
 45229 | Spider:1 | Killed Louise
 46682 | Spider:2 | Reached skill level 18 in Invocations
 48096 | Spider:3 | Noticed Bai Suzhen
 48107 | Spider:3 | Killed Bai Suzhen
 50403 | Spider:4 | Entered Level 4 of the Spider Nest
 50441 | Spider:4 | Gained mutation: You tend to lose your temper in combat.
                  | [mutagenic glow]
 50744 | Spider:4 | Noticed Kirke
 50753 | Spider:4 | Noticed a sphinx
 50753 | Spider:4 | Killed Kirke
 50856 | Spider:4 | Gained Arkwar as an ally
 52030 | Spider:4 | Gained Boderik as an ally
 52031 | Spider:4 | Reached XP level 18. HP: 150/166 MP: 31/31
 52033 | Spider:4 | Reached skill level 19 in Invocations
 52754 | Spider:4 | Your ally Boderik died
 52902 | Spider:4 | Identified the +0 hat of Duixt {rPois Str+2}
 52931 | Spider:4 | Got a gossamer rune of Zot
 53669 | Vaults:1 | Entered Level 1 of the Vaults
 54726 | Vaults:1 | HP: 1/166 [something/bolt of lightning (43)]
 55304 | Vaults:1 | Reached skill level 15 in Shields
 55833 | Vaults:1 | Noticed Saint Roka
 55847 | Vaults:1 | Killed Saint Roka
 56195 | Vaults:1 | Reached skill level 20 in Invocations
 56216 | Vaults:1 | Gained Morun as an ally
 56222 | Vaults:1 | Your ally Morun died
 56230 | Vaults:1 | HP: 4/168 [orc warlord/+1 vorpal war axe (29)]
 56230 | Vaults:1 | Mangled by an orc warlord

Illustrated notes

Levels and vault maps discovered:
D:1:      dpeg_arrival_arbitrary_a, layout_basic,
          shapermc_ecumenical_altar_rom_forum, serial_shops,
          nicolae_shop_statue_plus
D:2:      layout_loops_ring, serial_glass, glass_columns_a, glass_columns_a,
          glass_columns_a, glass_columns_c, glass_columns_a, glass_columns_c,
          glass_columns_c, glass_columns_a, glass_columns_a, glass_columns_c
D:3:      layout_basic, lemuel_doored_altar, mainiacjoe_overflow_catwalk
D:4:      layout_loops_corners, overflow_temple_1_default
D:5:      layout_basic, nicolae_kikubaaqudgha_miasma_corner,
          mainiacjoe_overflow_brackets, gammafunk_temple_overflow_claw,
          nicolae_specific_store, uniq_sigmund
D:6:      layout_loops_corners, eat_drink_and_be_merry_uskayaw,
          minmay_temple_entry_from_below_b, serial_shops,
          nicolae_shop_window_shopping, nicolae_shop_behind_doors, shop,
          grunt_ministairs_13, minmay_ruffians
D:7:      layout_cave_pools, chequers_temple_overflow_minitemple, serial_shops,
          nicolae_shop_hallway_plus, nicolae_shop_clearance, uniq_duvessa
D:8:      layout_cave_pods, st_stairs_5
D:9:      layout_gridville, minmay_orc_entry_temple_small, solitary_fountain,
          kennysheep_small_square
D:10:     layout_gridville, serial_bayou, serial_bayou_crossing,
          serial_bayou_shore_b, serial_bayou_shore_b, serial_bayou_lagoon_a,
          serial_bayou_pond_d, serial_bayou_pond_c, feat_on_display
D:11:     layout_irregular_city, minmay_lair_entry_grove
D:12:     layout_irregular_city
D:13:     layout_small_grid, erik_vaults_1, enter_trove_2,
          chequers_serial_rivers_small_3, uniq_josephine
D:14:     layout_big_octagon, minmay_stone_trees_small
D:15:     gammafunk_enter_depths_forms, layout_basic,
          minmay_misc_feat_four_crosses
Lair:1:   layout_loops_ring, grunt_megastairs_2, uniq_harold, uniq_fannar
Lair:2:   cheibrodos_lair_river_kwai, layout_regular_city, minivault_27,
          infiniplex_staircase_pool_2, serial_bayou_shore_b, lemuel_fruit_fields
Lair:3:   layout_small_grid, palyth_hydra_swamp_entry,
          hellmonk_spider_entry_not_the_bees, gammafunk_ghost_arena, uniq_snorg
Lair:4:   layout_loops_ring
Lair:5:   layout_regular_city, slime_altar_1
Lair:6:   guppyfry_lair_end_dragon, layout_long_grid,
          hangedman_lair_caniforms_friends, nzn_ghost_randoct,
          minmay_hedge_maze, bobbens_dragon_lair_wall, uniq_rupert
Swamp:1:  layout_basic_swamp, gammafunk_ghost_abyssal_escape,
          evilmike_swamp_ruin_house_4
Swamp:2:  nicolae_swamp_secret_spriggan_hideout, layout_basic_swamp,
          hangedman_swamp_ruin_wall
Swamp:3:  layout_basic_swamp, hangedman_swamp_lotus, uniq_mlioglotl
Swamp:4:  swamp_pestilence, layout_basic_swamp, swamp_pool4,
          nicolae_swamp_feature_on_the_river_bank
Spider:1: layout_chambers, nicolae_spider_scorpion_nest, uniq_louise
Spider:2: nicolae_spider_hall_of_the_moth_king
Spider:3: layout_cave_pods, uniq_bai_suzhen
Spider:4: spider_rune_water, beargit_elvish_explorers, uniq_kirke
Orc:1:    layout_diamond_mine, uniq_erolcha
Orc:2:    st_orc_town, layout_caves, nicolae_shop_overcharged_wands, uniq_urug
Vaults:1: portal_desolation_entry_twin_temple, v_misc_30,
          ontoclasm_vaults_idyll, ontoclasm_vaults_chip,
          nicolae_vaults_network_star, hangedman_vaults_pinch,
          hangedman_vaults_nodes, vaults_dpeg_encased_lava,
          ontoclasm_vaults_bender, vaults_room_grunt_arrival_ludios,
          sword_in_stone, v_misc_8, layout_vaults_omnibox, uniq_saint_roka

Skill      XL: |  1  2  3  4  5  6  7  8  9 10 11 12 13 14 15 16 17 18 |
---------------+-------------------------------------------------------+-----
Axes           | 3 4 15 16 17 18 | 18.0
Invocations    | 1 2 3 4 5 7 9 12 14 15 17 18 20 | 20.1
Fighting       | 4 7 8 9 10 11 12 13 14 15 16 | 16.4
Dodging        | 1 4 5 |  5.0
Shields        | 7 8 9 10 11 12 13 14 15 | 15.1
Armour         | 4 5 7 8 10 11 12 13 14 | 14.1
Long Blades    | 3 7 9 11 13 14 | 14.6

Action                   |  1- 3 |  4- 6 |  7- 9 | 10-12 | 13-15 | 16-18 || total
-------------------------+-------+-------+-------+-------+-------+-------++-------
Melee: War axe           |    45 |    94 |   305 |   507 |   483 |   685 ||  2119
       Battleaxe         |       |       |       |    17 |       |       ||    17
       Morningstar       |       |       |       |    14 |    13 |       ||    27
       Double sword      |       |       |       |       |   418 |   363 ||   781
       Broad axe         |       |       |       |       |       |    78 ||    78
Throw: Dart              |       |       |    12 |     3 |       |       ||    15
       Throwing net      |       |       |       |       |     2 |     1 ||     3
Invok: Convert to Beogh  |       |       |     1 |       |       |       ||     1
       Smiting           |       |       |       |     3 |     8 |    25 ||    36
       Give Item to Name |       |       |       |     1 |     3 |     2 ||     6
       Recall Orcish Fol |       |       |       |       |     4 |     2 ||     6
       Resurrection      |       |       |       |       |     1 |     1 ||     2
       Stop Recall       |       |       |       |       |     1 |     1 ||     2
Evoke: Wand              |       |       |     3 |     4 |     7 |     5 ||    19
  Use: Scroll            |       |     4 |    10 |     5 |    20 |     9 ||    48
       Potion            |       |     2 |    10 |     3 |     9 |    18 ||    42
 Stab: Distracted        |       |       |       |     1 |    10 |     7 ||    18
       Petrified         |       |       |       |       |     4 |       ||     4
       Petrifying        |       |       |       |       |     1 |       ||     1
       Held in net/web   |       |       |       |       |       |     2 ||     2
Armor: Scale mail        |    22 |    47 |    13 |       |       |       ||    82
       Plate armour      |       |       |   114 |   206 |    36 |       ||   356
       Skin              |       |       |       |    23 |       |       ||    23
       Gold dragon scale |       |       |       |       |   872 |   974 ||  1846
Dodge: Dodged            |    14 |    46 |    76 |   164 |   302 |   298 ||   900
Block: Buckler           |    10 |    27 |    76 |    99 |   201 |       ||   413
       Kite shield       |       |       |       |       |   291 |   429 ||   720
       Tower shield      |       |       |       |       |       |   645 ||   645

Table legend: (Time is in decaauts)
 A = Elapsed time spent in this place.
 B = Non-inter-level travel time spent in this place.
 C = Inter-level travel time spent in this place.
 D = Time resting spent in this place.
 E = Time spent auto-exploring this place.
 F = Levels seen in this place.
 G = Mean time per level.
                   A        B        C        D        E       F      G
               +--------+--------+--------+--------+--------+-----+--------+
         Total |  56137 |  53753 |   2384 |  23110 |  23543 |  32 | 1754.3 |
       Dungeon |  21157 |  19806 |   1351 |   6378 |  10956 |  15 | 1410.5 |
          Lair |  10525 |  10177 |    348 |   3567 |   5216 |   6 | 1754.2 |
         Swamp |  10252 |  10033 |    219 |   5816 |   2851 |   4 | 2563.0 |
   Spider Nest |   8845 |   8544 |    301 |   4679 |   2779 |   4 | 2211.2 |
  Orcish Mines |   3173 |   3008 |    165 |   1366 |   1205 |   2 | 1586.5 |
        Vaults |   2183 |   2183 |      0 |   1303 |    535 |   1 | 2183.0 |
               +--------+--------+--------+--------+--------+-----+--------+

Top non-repeatable levels by time:
 Swamp:4: 3754 daAuts
  Lair:3: 3132 daAuts
  Lair:6: 2760 daAuts
Spider:4: 2615 daAuts
Spider:1: 2558 daAuts
 Swamp:1: 2482 daAuts
Spider:3: 2440 daAuts
Vaults:1: 2183 daAuts
    D:14: 2076 daAuts
 Swamp:2: 2039 daAuts
   Orc:2: 2004 daAuts
 Swamp:3: 1976 daAuts
    D:13: 1866 daAuts
     D:8: 1819 daAuts
    D:11: 1816 daAuts
